 Dungeon Crawl Stone Soup version 0.28.0-53-g5a82cb258f (webtiles) character file.

Game seed: 16056806284220399273

188 Zeld the Digger (level 5, 0/28 HPs)
             Began as a Gargoyle Earth Elementalist on June 13, 2022.
             Was an Initiate of Gozag.
             Shot with a bolt by a kobold (6 damage)
             ... on level 4 of the Dungeon.
             The game lasted 00:06:39 (3913 turns).

Zeld the Digger (Gargoyle Earth Elementalist)       Turns: 3913, Time: 00:06:40

Health: 0/28       AC:  8    Str: 11    XL:     5   Next: 67%
Magic:  10/10      EV: 11    Int: 18    God:    Gozag
Gold:   182        SH:  0    Dex: 10    Spells: 1/11 levels left

rFire   . . .      SeeInvis .   u - +3 short sword (venom)
rCold   . . .      Faith    .   (no shield)
rNeg    + + .      Spirit   .   b - +0 robe
rPois   ∞          Reflect  .   (no helmet)
rElec   +          Harm     .   (no cloak)
rCorr   .          Rampage  .   s - +0 pair of gloves
Will    +....                   h - +0 pair of boots
Stlth   ++........              (no amulet)
HPRegen 0.09/turn               g - ring of positive energy
MPRegen 0.12/turn               m - ring of willpower

@: no status effects
A: sickness immunity, AC +4, negative energy resistance 1, electricity
resistance, torment resistance 1, petrification resistance
a: Renounce Religion, Potion Petition, Call Merchant, Bribe Branch


You were on level 4 of the Dungeon.
You worshipped Gozag.
Gozag was aware of your devotion.
You visited 2 branches of the dungeon, and saw 5 of its levels.

You collected 250 gold pieces.
You paid 68 gold pieces to Gozag.

Inventory:

Hand Weapons
 a - a +0 mace
 u - a +3 short sword of venom (weapon)
Missiles
 q - 80 stones
Armour
 b - a +0 robe (worn)
 h - a +0 pair of boots (worn)
 s - a +0 pair of gloves (worn)
Jewellery
 g - a ring of positive energy (left hand)
 m - a ring of willpower (right hand)
 y - a +4 ring of protection
Scrolls
 c - a scroll of brand weapon {unknown}
 e - 2 scrolls of blinking {unknown}
 i - 2 scrolls of teleportation {unknown}
 j - 2 scrolls of fog {unknown}
 l - a scroll of torment {unknown}
 o - 3 scrolls of identify {unknown}
 t - 2 scrolls of magic mapping {unknown}
 v - a scroll of silence {unknown}
 x - a scroll of fear {unknown}
 z - a scroll of noise {unknown}
Potions
 d - 2 potions of flight {unknown}
 f - a potion of brilliance {unknown}
 k - a potion of lignification {unknown}
 n - a potion of cancellation {unknown}
 p - a potion of degeneration {unknown}
 r - a potion of might {unknown}
 w - a potion of magic {unknown}


   Skills:
 - Level 1.5 Dodging
 - Level 2.1 Stealth
 * Level 3.7 Spellcasting
 + Level 1.9 Transmutations
 * Level 5.3 Earth Magic


You had one spell level left.
You knew the following spells:

 Your Spells              Type           Power      Damage    Failure   Level
a - Sandblast             Erth           44%        2d11      1%          1
b - Passwall              Tmut/Erth      13%        N/A       4%          2
c - Stone Arrow           Conj/Erth      26%        3d8       16%         3
d - Petrify               Tmut/Erth      16%        N/A       32%         4

Your spell library contained the following spells:

 Spells                   Type           Power      Damage    Failure   Level
 Apportation              Tloc           6%         N/A       16%         1
 Blink                    Tloc           6%         N/A       22%         2
 Manifold Assault         Tloc           3%         N/A       99%         5
 Storm Form               Tmut/Air       3%         N/A       100%        7


Dungeon Overview and Level Annotations

Branches:
Dungeon (4/15)             Temple (1/1) D:4

Altars:
Ashenzari
Dithmenos
Elyvilon
Fedhas
Gozag
Kikubaaqudgha
Okawaru
Qazlal
Sif Muna
Trog
Uskayaw
Vehumet
Wu Jian
Yredelemnul
The Shining One

Shops:
D:3 :

Annotations:
D:4 Edmund


Innate Abilities, Weirdness & Mutations

You are immune to sickness and miasma.
Your stone body is resilient. (AC +4)
You are immune to poison.
You resist negative energy. (rN+)
You are resistant to electric shocks. (rElec)
You are resistant to unholy torment.
You are immune to petrification.


Message History

You now have 182 gold pieces (gained 8).
You see here a +0 club.
No target in view!
Found a stone staircase leading up.
No target in view!
The kobold shouts!
The kobold unwields a +0 whip.
The kobold wields a +0 hand crossbow of flaming.
It bursts into flame!
The kobold shoots a bolt.
The bolt closely misses you.
The kobold shoots a bolt.
The bolt hits you but does no damage.
A kobold is nearby!
Found a stone staircase leading down.
The kobold shoots a bolt.
The bolt hits you but does no damage.
A kobold is nearby!
Edmund and a scorpion come into view.
Edmund is wielding a +2 dire flail of holy wrath and wearing a +1 chain mail of positive energy.
The kobold shoots a bolt.
The bolt hits you. The bolt burns you.
There are monsters nearby!
The kobold unwields a +0 hand crossbow of flaming.
It stops flaming.
The kobold wields a +0 whip.
The kobold barely misses you.
You closely miss the kobold. The kobold closely misses you.
You barely miss the kobold. The kobold hits you with a +0 whip.
You hit Edmund but do no damage.
Edmund is poisoned.
Edmund hits you with a +2 dire flail of holy wrath!
The kobold hits you but does no damage. The scorpion misses you.
Edmund closely misses you.
You completely miss the kobold.
The scorpion stings you but does no damage.
The kobold hits you with a +0 whip.
* * * LOW HITPOINT WARNING * * *
Edmund barely misses you. The scorpion barely misses you.
You are too injured to fight recklessly!
There are monsters nearby!
You are too injured to fight recklessly!
Unknown command.
The kobold unwields a +0 whip.
The kobold wields a +0 hand crossbow of flaming.
It bursts into flame!
The kobold shoots a bolt.
The bolt hits you.
You die...
Your body crumbles into a pile of gold.

≈≈≈≈≈≈≈≈≈......##.#.....<#.######
≈≈≈≈≈≈≈≈≈≈≈.....#.###.#..........
≈≈≈...≈≈≈≈≈≈..........#.##.#####.
≈≈≈.>.≈≈≈≈≈≈.#....#####.#........
≈≈≈...≈≈≈≈≈≈......[...#.#....##..
≈≈≈≈≈≈≈≈≈≈≈≈..#..####.#.#<.......
≈≈≈≈≈≈≈≈≈≈≈...#...# #.#####..#.
≈≈≈≈≈≈≈≈≈.....#...###.#..........
..≈≈≈≈≈.......##@..##.......)..##
.............+##...##########...#
...............@Ks.# #########.#
........#.............[..........
#########...).......#############
#..........># ..........###
).....!..# .........#


You could see Edmund (poisoned), a scorpion and a kobold.

Vanquished Creatures
  A hound (D:2)
  An iguana (D:4)
  2 adders
  2 ufetubi (D:4)
  A worm (D:3)
  A dart slug (D:4)
  5 orcs (D:3)
  9 endoplasms
  3 giant cockroaches
  8 goblins
  8 hobgoblins
  6 jackals
  7 kobolds
  5 quokkas
  6 ball pythons
  6 bats
  3 frilled lizards
  14 rats
88 creatures vanquished.

Notes
Turn   | Place    | Note
-------+----------+-------------------------------------------
     0 | D:1      | Zeld the Gargoyle Earth Elementalist began the quest for
                  | the Orb.
     0 | D:1      | Reached XP level 1. HP: 10/10 MP: 3/3
   339 | D:1      | Reached skill level 1 in Transmutations
   339 | D:1      | Reached XP level 2. HP: 15/15 MP: 3/5
   467 | D:1      | Reached skill level 4 in Earth Magic
   859 | D:1      | Reached XP level 3. HP: 16/19 MP: 3/6
   863 | D:1      | Learned a level 2 spell: Passwall
   867 | D:1      | Learned a level 3 spell: Stone Arrow
  1280 | D:2      | Found a faded altar of an unknown god.
  1939 | D:2      | Reached XP level 4. HP: 24/24 MP: 1/8
  2603 | D:3      | Reached skill level 5 in Earth Magic
  2731 | D:3      | Reached XP level 5. HP: 21/28 MP: 8/10
  2830 | D:3      | Learned a level 4 spell: Petrify
  2870 | D:3      | Found Loesyug's Book Boutique.
  3354 | D:3      | Found a radiant altar of Vehumet.
  3358 | D:3      | Found an ancient bone altar of Kikubaaqudgha.
  3360 | D:3      | Found a shimmering blue altar of Sif Muna.
  3368 | D:3      | Got Sif Muna's Incunabulum of Displacement
  3451 | D:4      | Found a staircase to the Ecumenical Temple.
  3472 | Temple   | Entered the Ecumenical Temple
  3528 | Temple   | Became a worshipper of Gozag Ym Sagoz the Greedy
  3907 | D:4      | Noticed Edmund
  3913 | D:4      | Shot with a bolt by a kobold

Illustrated notes

Levels and vault maps discovered:
D:1:      zelgadis_glass_arrival_small, layout_rooms, minmay_rat_gold_closets
D:2:      layout_basic, shapermc_ecumenical_altar_venn, minmay_bisected
D:3:      layout_loops_ring, grunt_temple_overflow_magic_moments, serial_shops,
          nicolae_shop_trees
D:4:      layout_basic, temple_pool_b, uniq_edmund
Temple:   minmay_temple_bridge_abc

Skill      XL: |  1  2  3  4 |
---------------+-------------+-----
Transmutations | 1 |  1.9
Earth Magic    | 4 5 |  5.3
Spellcasting   | 3 |  3.7
Dodging        | |  1.5
Stealth        | |  2.1

Action                   |  1- 3 |  4- 6 || total
-------------------------+-------+-------++-------
Melee: Unarmed           |    44 |       ||    44
       Short sword       |       |    67 ||    67
       Mace              |       |     8 ||     8
 Cast: Sandblast         |    54 |    12 ||    66
       Stone Arrow       |     8 |     4 ||    12
 Stab: Sleeping          |       |     3 ||     3
Armor: Robe              |    30 |    44 ||    74
Dodge: Dodged            |    50 |    52 ||   102
